 Dungeon Crawl Stone Soup version 0.28.0-53-g5a82cb258f (webtiles) character file.

Game seed: 11212388332066723207

28 RevDB the Chopper (level 3, 0/33 HPs)
             Began as a Hill Orc Monk on June 29, 2022.
             Succumbed to a goblin's poison
             ... on level 2 of the Dungeon.
             The game lasted 00:09:03 (1053 turns).

RevDB the Chopper (Hill Orc Monk)                   Turns: 1053, Time: 00:09:03

Health: 0/33       AC:  4    Str: 15    XL:     3   Next: 14%
Magic:  3/3        EV: 12    Int: 10    God:
Gold:   45         SH:  0    Dex: 13    Spells: 2/2 levels left

rFire   + . .      SeeInvis .   a - +1 hand axe
rCold   + . .      Faith    .   (no shield)
rNeg    . . .      Spirit   .   c - +1 leather armour
rPois   +          Reflect  .   (no helmet)
rElec   +          Harm     .   (no cloak)
rCorr   +          Rampage  .   (no gloves)
Will    .....                   (no boots)
Stlth   ++........              (no amulet)
HPRegen 0.11/turn               (no ring)
MPRegen 0.08/turn               (no ring)

@: mighty, lethally poisoned (0 -> -4), resistant
A: no striking features
a: no special abilities


You were on level 2 of the Dungeon.
You visited 1 branch of the dungeon, and saw 2 of its levels.

You collected 45 gold pieces.

Inventory:

Hand Weapons
 a - a +1 hand axe (weapon)
Missiles
 g - 22 stones
Armour
 b - a +0 robe
 c - a +1 leather armour (worn)
Scrolls
 d - a scroll of enchant armour (quivered)
Potions
 e - a potion of invisibility


   Skills:
 + Level 4.1 Fighting
 + Level 4.5 Axes
 + Level 1.5 Armour
 - Level 2.4 Dodging
 - Level 1.5 Stealth


You had 2 spell levels left.
You didn't know any spells.
Your spell library was empty.

Dungeon Overview and Level Annotations

Branches:
Dungeon (2/15)

Altars:


Message History

The goblin closely misses you.
You barely miss the goblin.
The goblin hits you with a +2 dagger of venom.
You are poisoned.
Your unstable footing causes you to fumble your attack.
You feel very sick.
The goblin hits you with a +2 dagger of venom.
You are more poisoned.
Your unstable footing causes you to fumble your attack.
You feel very sick.
The goblin hits you with a +2 dagger of venom.
You are more poisoned.
You closely miss the goblin.
You feel very sick. The goblin barely misses you.
You closely miss the goblin.
You feel very sick.
The goblin hits you with a +2 dagger of venom.
You are lethally poisoned!
You hit the goblin.
You kill the goblin!
You feel very sick.
* * * LOW HITPOINT WARNING * * *
You feel very sick.
Things that are here:
a +2 dagger of venom; a goblin corpse
There is a lethal amount of poison in your body!
It was a potion of might.
You feel very mighty all of a sudden.
* * * LOW HITPOINT WARNING * * *
You feel very sick.
It was a potion of resistance.
You feel protected.
* * * LOW HITPOINT WARNING * * *
You feel sick.
* * * LOW HITPOINT WARNING * * *
You feel sick.
* * * LOW HITPOINT WARNING * * *
You feel sick.
You die...

###...≈.≈.......>
#...##'''##.≈.#.#
##.≈##.≈≈≈.##≈...#
##...#≈≈.≈≈≈.#...#
....≈#≈.≈≈≈≈≈≈.≈.###
.#≈##≈≈≈≈....≈##≈..##
..≈#≈≈≈.≈_≈≈≈≈.#....
...#8≈####≈≈#≈8#≈.#
.#≈####≈≈..≈###≈@.#
.#≈≈.≈≈≈≈.≈..≈≈≈..#
.############.....#
.# ####### ##


There were no monsters in sight!

Vanquished Creatures
  2 dart slugs (D:2)
  3 bats
  An endoplasm (D:2)
  A giant cockroach (D:1)
  5 goblins (D:2)
  A hobgoblin (D:1)
  2 quokkas (D:2)
  2 ball pythons
  5 frilled lizards
  2 rats
  A spectral goblin (D:2)
25 creatures vanquished.

Notes
Turn   | Place    | Note
-------+----------+-------------------------------------------
     0 | D:1      | RevDB the Hill Orc Monk began the quest for the Orb.
     0 | D:1      | Reached XP level 1. HP: 19/19 MP: 1/1
   666 | D:2      | Reached XP level 2. HP: 27/27 MP: 2/2
   673 | D:2      | Reached skill level 1 in Armour
   896 | D:2      | Reached XP level 3. HP: 31/33 MP: 3/3
  1015 | D:2      | Found a faded altar of an unknown god.
  1052 | D:2      | HP: 1/33 [poisoned by a goblin]
  1053 | D:2      | Succumbed to a goblin's poison

Illustrated notes

Levels and vault maps discovered:
D:1:      dpeg_arrival_oval, layout_rooms, chequers_serial_rivers_large_a,
          amcnicky_mini_rare_corridor_liquid
D:2:      layout_rooms, dreamdust_ecumenical_altar_drowned_temple,
          minmay_lizard_pond

Skill      XL: |  1  2 |
---------------+-------+-----
Armour         | 1 |  1.5
Fighting       | 4 |  4.1
Axes           | |  4.5
Dodging        | |  2.4
Stealth        | |  1.5

Action                   || total
-------------------------++-------
Melee: Hand axe          ||    73
  Use: Scroll            ||     3
       Potion            ||     4
 Stab: Sleeping          ||     2
Armor: Leather armour    ||    16
Dodge: Dodged            ||    43
